 Dungeon Crawl Stone Soup version 0.28.0-1-gb440e238dd (webtiles) character file.

Game seed: 5387856030206402811

11 Snicker the Sneak (level 2, 0/24 HPs)
             Began as a Demonspawn Delver on Feb 22, 2022.
             Slain by an adder (2 damage)
             ... on level 6 of the Dungeon.
             The game lasted 00:00:41 (523 turns).

Snicker the Sneak (Demonspawn Delver)                Turns: 523, Time: 00:00:41

Health: 0/24       AC:  3    Str: 12    XL:     2   Next: 17%
Magic:  2/2        EV: 11    Int: 11    God:
Gold:   11         SH:  0    Dex: 14    Spells: 1/1 levels left

rFire   . . .      SeeInvis .   a - +0 short sword
rCold   . . .      Faith    .   (no shield)
rNeg    . . .      Spirit   .   b - +0 leather armour
rPois   .          Reflect  .   (no helmet)
rElec   .          Harm     .   (no cloak)
rCorr   .          Rampage  .   (no gloves)
Will    .....                   (no boots)
Stlth   +++.......              (no amulet)
HPRegen 0.08/turn               (no ring)
MPRegen 0.08/turn               (no ring)

@: lethally poisoned (0 -> -6)
A: claws 1
a: no special abilities


You were on level 6 of the Dungeon.
You visited 1 branch of the dungeon, and saw 3 of its levels.

You collected 11 gold pieces.

Inventory:

Hand Weapons
 a - a +0 short sword (weapon)
Armour
 b - a +0 leather armour (worn)
Wands
 g - a wand of digging (3)
Scrolls
 c - a scroll of fog
 d - a scroll of magic mapping
 e - a scroll of fear
 h - a scroll of silence {unknown}
Potions
 f - a potion of haste


   Skills:
 + Level 3.0 Fighting
 * Level 1.7 Short Blades
 + Level 1.7 Dodging
 * Level 5.0 Stealth


You had one spell level left.
You didn't know any spells.
Your spell library was empty.

Dungeon Overview and Level Annotations

Branches:
Dungeon (7/15)
 Temple: D:4-7

Altars:
Sif Muna

Annotations:
D:5 Dowan, Duvessa
D:6 exclusions: downstairs and upstairs


Innate Abilities, Weirdness & Mutations

You have sharp fingernails.


Message History

The adder is heavily wounded.
The adder bites you.
You are poisoned.
The adder poisons you! The adder bites you.
You closely miss the adder.
The adder is heavily wounded.
You feel sick. The adder barely misses you.
You hit the adder.
The adder is heavily wounded.
You feel sick. The adder bites you.
You are more poisoned.
The adder poisons you! The adder closely misses you.
You closely miss the adder.
The adder is heavily wounded.
You feel very sick. The adder bites you but does no damage.
You closely miss the adder.
The adder is heavily wounded.
You feel sick. The adder closely misses you.
You miss the adder.
The adder is heavily wounded.
You feel sick. The adder closely misses you. The adder barely misses you.
You barely miss the adder.
The adder is heavily wounded.
* * * LOW HITPOINT WARNING * * *
You feel sick. The adder misses you.
You closely miss the adder.
The adder is heavily wounded.
You feel sick. The adder bites you but does no damage.
You closely miss the adder.
The adder is heavily wounded.
You feel sick. The adder bites you.
* * * LOW HITPOINT WARNING * * *
You are lethally poisoned!
The adder poisons you!
You barely miss the adder.
The adder is heavily wounded.
* * * LOW HITPOINT WARNING * * *
You feel sick. The adder bites you.
You die...

..........#
..........##
#######'#... #
####.###.
#.############....#...
#...<........#.####.##
..................>##
###.....####.#.##...
#@....# ##.#.##.#.
#S##.####.........
#.##.............#
#...#######.....##.#
..?.... #.........
.........# #..#.....#
.........# #.##....##
.........# #.........
....###### #######...


You could see an adder.

Vanquished Creatures
  A howler monkey skeleton (D:6)
  An orc (D:7)
2 creatures vanquished.

Notes
Turn   | Place    | Note
-------+----------+-------------------------------------------
     0 | D:5      | Snicker the Demonspawn Delver began the quest for the Orb.
     0 | D:5      | Reached XP level 1. HP: 18/18 MP: 1/1
     3 | D:5      | Noticed Dowan
     4 | D:5      | Noticed Duvessa
    18 | D:6      | Noticed a water moccasin
    27 | D:6      | Noticed a hound
    40 | D:7      | Noticed an orc priest
    43 | D:7      | Noticed an orc wizard
    50 | D:7      | Found a shimmering blue altar of Sif Muna.
    62 | D:6      | Reached skill level 5 in Stealth
    62 | D:6      | Gained mutation: You have sharp fingernails. [demonic
                  | ancestry]
    62 | D:6      | Reached XP level 2. HP: 2/24 MP: 2/2
   523 | D:6      | Slain by an adder

Illustrated notes

Levels and vault maps discovered:
D:5:      layout_loops_corners, makhleb_grotto_becter,
          nicolae_overflow_crystal_walls, chequers_serial_rivers_micro_a,
          uniq_duvessa
D:6:      layout_basic, worldfamousw_hep_ancestral_shrine
D:7:      layout_cave_pools, mainiacjoe_overflow_six_doors_small,
          nicolae_sif_muna_condensation, minmay_temple_entry_statues_fountains

Skill      XL: |  1 |
---------------+----+-----
Stealth        | 5 |  5.0
Fighting       | |  3.0
Short Blades   | |  1.7
Dodging        | |  1.7

Action                   || total
-------------------------++-------
Melee: Short sword       ||    25
Armor: Leather armour    ||     5
Dodge: Dodged            ||    15
